 Dungeon Crawl Stone Soup version 0.32-a0-841-g4648e6c457 (webtiles) character file.

Game seed: 6536169515713944318

74 Shayle the Apothecary (level 4, -1/30 HPs)
             Began as a Coglin Alchemist on Mar 27, 2024.
             Slain by a gnoll
             ... wielding a +0 flail
              (10 damage)
             ... on level 4 of the Dungeon.
             The game lasted 00:07:17 (2531 turns).

Shayle the Apothecary (Coglin Alchemist)            Turns: 2531, Time: 00:07:18

Health: -1/30      AC:  6    Str: 10    XL:     4   Next: 28%
Magic:  8/8        EV: 11    Int: 16    God:
Gold:   60         SH:  0    Dex: 15    Spells: 7/8 levels left

rFire   . . .        s - +2 rapier (elec) {Rafael}
rCold   . . .        k - +0 dagger {Baqqanum}
rNeg    . . .        a - +1 robe
rPois   .            (no helmet)
rElec   .            (no cloak)
rCorr   .            l - +2 pair of gloves of Recklessness {+Blink Int+2}
SInv    .            (no boots)
Will    .....        (amulet unavailable)
Stlth   ++           (ring unavailable)
HPRegen 0.25/turn    (ring unavailable)
MPRegen 0.11/turn    (no gizmo)

%: no passive effects
@: revved
A: off-hand wielding, slow wielding, warmup strikes, no jewellery
a: Invent Gizmo, Evoke Blink


You were on level 4 of the Dungeon.
You visited 1 branch of the dungeon, and saw 4 of its levels.

You collected 198 gold pieces.
You spent 138 gold pieces at shops.

Inventory:

Hand Weapons
 f - a +0 dagger {Septimus}
 k - a +0 dagger (offhand) {Baqqanum}
 q - a +0 long sword
 s - a +2 rapier of electrocution (weapon) {Rafael}
 t - a +0 dagger of venom
Missiles
 c - 2 throwing nets
Armour
 a - a +1 robe (worn)
 l - the +2 pair of gloves of Recklessness (worn) {+Blink Int+2}
   (You acquired it on level 4 of the Dungeon)

   Int+2:     It affects your intelligence (+2).
   +Blink:    It lets you blink.
Wands
 r - a wand of light (7)
Scrolls
 g - a scroll of amnesia {unknown}
 m - a scroll of fog
 o - 2 scrolls of teleportation
 w - a scroll of fear {unknown}
Potions
 b - 2 potions of magic
 d - a potion of invisibility {unknown}
 e - 2 potions of might {unknown}
 h - 3 potions of enlightenment
 i - a potion of lignification {unknown}
 j - a potion of heal wounds {unknown}
 n - 3 potions of curing
 u - 3 potions of attraction {unknown}
 x - a potion of haste {unknown}


   Skills:
 - Level 1.7 Dodging
 - Level 1.5 Stealth
 + Level 2.9 Spellcasting
 - Level 0.8 Conjurations
 + Level 4.5 Alchemy


You had 7 spell levels left.
You knew the following spells:

 Your Spells              Type           Power      Damage    Failure   Level
a - Sting                 Conj/Alch      40%        1d5       6%          1

Your spell library contained the following spells:

 Spells                   Type           Power      Damage    Failure   Level
 Mercury Vapours          Alch/Air       18%        N/A       12%         2
 Mephitic Cloud           Conj/Alch/Air  8%         N/A       26%         3
 Olgreb's Toxic Radiance  Alch           16%        N/A       28%         4
 Inner Flame              Hex/Fire       2%         N/A       50%         3
 Sticky Flame             Fire/Alch      9%         2d5       58%         4
 Irradiate                Conj/Alch      5%         3d13      86%         5
 Ignition                 Fire           1%         3d3       100%        8


Dungeon Overview and Level Annotations

Branches:
Dungeon (4/15)
 Temple: D:4-7

Altars:

Shops:
D:3 *


Innate Abilities, Weirdness & Mutations

You can wield a second weapon in your off-hand.
It takes a long time for you to wield or remove held weapons.
Your first few attacks do less damage.
You cannot equip rings or amulets.


Message History

You hit the gnoll with your +0 dagger.
The gnoll is lightly wounded.
You hit the gnoll with your +2 rapier of electrocution.
The gnoll hits you with a +0 spear.
The gnoll shouts!
You hit the gnoll but do no damage.
The gnoll is severely wounded.
You hit the gnoll but do no damage.
A gnoll comes into view. It is wielding a +0 whip.
The gnoll completely misses you.
You hit the gnoll but do no damage.
The gnoll is severely wounded.
You hit the gnoll with your +2 rapier of electrocution.
You kill the gnoll!
The giant cockroach attacks as it pursues you!
The giant cockroach bites you but does no damage.
The giant cockroach bites you but does no damage.
You hit the giant cockroach but do no damage.
You puncture the giant cockroach with your +2 rapier of electrocution!
Lightning courses through the giant cockroach!
You kill the giant cockroach!
The gnoll hits you with a +0 flail.
You completely miss the gnoll with your +2 rapier of electrocution.
You closely miss the gnoll with your +0 dagger.
The gnoll barely misses you.
You hit the gnoll with your +2 rapier of electrocution.
The gnoll is moderately wounded.
You completely miss the gnoll with your +0 dagger.
You hit the gnoll but do no damage.
You closely miss the gnoll with your +2 rapier of electrocution.
The gnoll hits you with a +0 flail. The gnoll closely misses you.
The gnoll hits you with a +0 flail.
Unknown command.
You closely miss the gnoll with your +0 dagger.
The gnoll is moderately wounded.
You hit the gnoll with your +2 rapier of electrocution.
The gnoll hits you with a +0 whip.
* * * LOW HITPOINT WARNING * * *
The gnoll hits you with a +0 flail!
You die...

#####.#)....#.##.......#
#.#.##..#.##.......#
#+#....>#.##.......#
#..........##.......# .
#...................# g.
#.........##........# ...
#.........##........# ...P
#............gg.##### P.g..
#########...(@#.).#####......
#.....###g...$....... #.....#
#..###....... #######
#............ ##...........
............ ...........#
...........## ....#####..#


You could see 2 gnolls.

Vanquished Creatures
  2 gnolls (D:4)
  An adder (D:4)
  A ribbon worm (D:2)
  8 bats
  4 endoplasms
  4 giant cockroaches
  3 goblins
  4 hobgoblins
  3 kobolds
  2 quokkas
  2 ball pythons (D:1)
  A frilled lizard (D:1)
  4 rats
39 creatures vanquished.

Notes
Turn   | Place    | Note
-------+----------+-------------------------------------------
     0 | D:1      | Shayle the Coglin Alchemist began the quest for the Orb.
     0 | D:1      | Reached XP level 1. HP: 13/13 MP: 3/3
   345 | D:1      | Reached XP level 2. HP: 19/19 MP: 3/5
  1267 | D:2      | Reached skill level 4 in Alchemy
  1267 | D:2      | Reached XP level 3. HP: 18/24 MP: 1/6
  2052 | D:3      | Found Pauw's Assorted Antiques.
  2338 | D:3      | Bought a scroll labelled VELAYME OREA for 25 gold pieces
  2338 | D:3      | Bought a grey potion for 22 gold pieces
  2338 | D:3      | Bought a purple potion for 22 gold pieces
  2338 | D:3      | Bought a fuming red potion for 22 gold pieces
  2338 | D:3      | Bought a purple potion for 22 gold pieces
  2338 | D:3      | Bought a scroll labelled VELAYME OREA for 25 gold pieces
  2460 | D:4      | Identified a scroll of acquirement
  2460 | D:4      | Acquired the +2 pair of gloves of Recklessness {+Blink
                  | Int+2}
  2506 | D:4      | Reached XP level 4. HP: 27/30 MP: 6/8
  2531 | D:4      | Slain by a gnoll

Illustrated notes

Levels and vault maps discovered:
D:1:      spicycebolla_arrival_ecumenical, layout_basic
D:2:      layout_basic, serial_co_window_serial, co_window_paths_a,
          co_window_corner_a, co_window_corner_a, co_window_corner_a,
          co_window_corner_a, co_window_paths_a, co_window_of_opportunity_a,
          co_window_paths_c, co_window_paths_c, co_window_of_opportunity_c,
          co_window_broadway_b, co_window_2corner, co_window_sun,
          co_window_4corner_a, glass_columns_b, glass_columns_a,
          glass_columns_b, glass_columns_a, glass_columns_a
D:3:      layout_rooms, serial_shops, nicolae_shop_trees
D:4:      layout_basic, gup_sewer_entry_pipe, gammafunk_ghost_arena,
          nicolae_grassy_gnolls

Skill      XL: |  1  2 |
---------------+-------+-----
Spellcasting   | 2 |  2.9
Alchemy        | 4 |  4.5
Dodging        | |  1.7
Stealth        | |  1.5
Conjurations   | |  0.8

Action                     |  1- 3 |  4- 6 || total
---------------------------+-------+-------++-------
  Melee: Dagger            |    24 |     8 ||    32
         Rapier            |    18 |     8 ||    26
   Cast: Sting             |    50 |       ||    50
    Use: Scroll            |     7 |       ||     7
   Stab: Sleeping          |     1 |       ||     1
 Armour: Robe              |    22 |     8 ||    30
  Dodge: Dodged            |    23 |     4 ||    27

Table legend: (Time is in decaauts)
 A = Elapsed time spent in this place.
 B = Non-inter-level travel time spent in this place.
 C = Inter-level travel time spent in this place.
 D = Time resting spent in this place.
 E = Time spent auto-exploring this place.
 F = Levels seen in this place.
 G = Mean time per level.
                   A        B        C        D        E       F      G
               +--------+--------+--------+--------+--------+-----+--------+
         Total |   2533 |   2424 |    109 |     93 |   1836 |   4 |  633.2 |
       Dungeon |   2533 |   2424 |    109 |     93 |   1836 |   4 |  633.2 |
               +--------+--------+--------+--------+--------+-----+--------+

Top non-repeatable levels by time:
     D:2: 1125 daAuts
     D:1: 926 daAuts
     D:3: 349 daAuts
     D:4: 133 daAuts
